 Dungeon Crawl Stone Soup version 0.31-a0-234-gad7ace16ef (webtiles) character file.

Game seed: 2855856346675099830

1656 Nattfarinn the Skirmisher (level 8, -4/40 (42) HPs)
             Began as a Spriggan Hexslinger on July 10, 2023.
             Was a Follower of Okawaru.
             Killed by an exploding wight (27 damage)
             ... ignited by their inner flame
             ... on level 7 of the Dungeon.
             The game lasted 00:20:02 (7364 turns).

Nattfarinn the Skirmisher (Spriggan Hexslinger)     Turns: 7364, Time: 00:20:02

HP:   -4/40 (42)    AC:  2    Str:  4    XL:     8   Next: 68%
MP:   8/11          EV: 18    Int: 14    God:    Okawaru [*.....]
Gold: 348           SH:  0    Dex: 20    Spells: 5/9 levels left

rFire   . . .        a - +2 sling
rCold   . . .        v - orb {mayhem}
rNeg    . . .        c - +0 robe
rPois   .            (helmet restricted)
rElec   .            (no cloak)
rCorr   .            (gloves unavailable)
SInv    +            (boots unavailable)
Will    +....        g - amulet of regeneration
Stlth   ++           (no ring)
HPRegen 1.06/turn    (no ring)
MPRegen 0.12/turn

%: mayhem
@: lightly drained, very quick
A: very small, no large weapons, unfitting armour, see invisible, speed 3
a: Renounce Religion, Heroism


You were on level 7 of the Dungeon.
You worshipped Okawaru.
Okawaru was aware of your devotion.
You visited 2 branches of the dungeon, and saw 8 of its levels.

You collected 348 gold pieces.

Inventory:

Hand Weapons
 a - a +2 sling (weapon)
 i - the +8 mace of Acuojob {flame, rPois rCorr Str+2 Dex-4}
   (You found it on level 4 of the Dungeon)

   Str:       It affects your strength (+2).
   Dex:       It affects your dexterity (-4).
   rPois:     It protects you from poison.
   rCorr:     It protects you from acid and corrosion.
Armour
 c - a +0 robe (worn)
 v - an orb of mayhem (worn)
Jewellery
 g - an amulet of regeneration (around neck)
Wands
 q - a wand of charming (7)
 t - a wand of mindburst (5)
 w - a wand of iceblast (6)
 A - a wand of flame (13)
 B - a wand of light (4)
Scrolls
 b - 7 scrolls of poison
 d - a scroll of vulnerability
 h - a scroll of butterflies
 o - 2 scrolls of teleportation
 r - a scroll of torment {unknown}
 s - a scroll of brand weapon {unknown}
 x - a scroll of amnesia {unknown}
 y - a scroll of noise {unknown}
 C - a scroll of fear {unknown}
Potions
 e - 4 potions of might {unknown}
 f - a potion of lignification {unknown}
 j - 2 potions of brilliance {unknown}
 k - 3 potions of haste {unknown}
 l - 2 potions of curing {unknown}
 m - a potion of berserk rage {unknown}
 n - a potion of invisibility {unknown}
 p - a potion of attraction {unknown}
 u - a potion of mutation {unknown}
 z - 2 potions of heal wounds {unknown}
 D - a potion of degeneration {unknown}


   Skills:
 - Level 4.6 Fighting
 - Level 8.1 Ranged Weapons
 - Level 2.6 Dodging
 - Level 1.3 Spellcasting
 + Level 7.4 Hexes


You had 5 spell levels left.
You knew the following spells:

 Your Spells              Type           Power      Damage    Failure   Level
a - Slow                  Hex            84%        N/A       1%          1
b - Inner Flame           Hex/Fire       11%        N/A       17%         3

Your spell library contained the following spells:

 Spells                   Type           Power      Damage    Failure   Level
 Cause Fear               Hex            10%        N/A       12%         4
 Dazzling Flash           Conj/Hex       22%        N/A       17%         3
 Portal Projectile        Hex/Tloc       22%        N/A       17%         3
 Silence                  Hex/Air        5%         N/A       83%         5
 Agony                    Necr           0%         N/A       100%        5


Dungeon Overview and Level Annotations

Branches:
Dungeon (7/15)             Temple (1/1) D:5

Altars:
Ashenzari
Cheibriados
Dithmenos
Elyvilon
Fedhas
Gozag
Hepliaklqana
Kikubaaqudgha
Makhleb
Nemelex Xobeh
Okawaru
Qazlal
Ru
Sif Muna
Trog
Uskayaw
Vehumet
Wu Jian
Yredelemnul
Zin
The Shining One

Shops:
D:1 *   D:6 !

Annotations:
D:5 1 runed translucent door, soonmide's ghost, novice KoBr


Innate Abilities, Weirdness & Mutations

You are very small and have problems with some larger weapons.
You are too small for most types of armour.
You have supernaturally acute eyesight. (SInv)
You cover ground extremely quickly. (Speed+++)


Message History

The sling bullet hits the black bear but does no damage.
The black bear is heavily wounded.
You shoot a sling bullet. The sling bullet hits the black bear.
The black bear is severely wounded.
You shoot a sling bullet. The sling bullet hits the black bear!
The black bear is almost dead.
As you close the door, it creaks loudly!
You open the door.
There is an open door here.
A black bear is nearby!
You shoot a sling bullet. The sling bullet hits the black bear!
You kill the black bear!
Okawaru accepts your kill.
Your Hexes skill increases to level 7! 2 wights come into view.
Casting: Slow (safe; 1% risk of failure)
Confirm with . or Enter, or press ? or * to list all spells.
The spell is quite dangerous to miscast (17% risk of failure)!
Continue anyway?
Aiming: Inner Flame (quite dangerous; 17% risk of failure)
Press: ? - help, Dir - move target, f - wight
Aim: a wight, wielding a +0 great sword and wearing a +0 robe (chance to affect: 62%)
The wight is filled with an inner flame.
You shoot a sling bullet.
The sling bullet barely misses the wight.
The wight closely misses you.
You shoot a sling bullet.
The sling bullet hits the wight but does no damage.
The wight hits you with a +0 great sword!
You feel drained.
You shoot a sling bullet. The sling bullet hits the wight.
Flame seeps out of the wight.
The wight is lightly damaged.
The wight is engulfed in blazing flames.
Flame seeps out of the wight.
You shoot a sling bullet. The sling bullet hits the wight.
Okawaru accepts your kill.
The wight explodes!
The fiery explosion engulfs you!!
Ouch! That really hurt!
You die...

## #.............#
#..###.##
#.............#
#.......#
#.............#
#.#######
#.#.########### #.#
#.#.###############.#
#.#.................#
#.###################
#.# #§○z....# #.#
#@##### #.#
######.#...# #.#
#........#
#.######.####.###
#.#......# #.....#
#.#.###############
#.#.#.......
#.#.#...# #.#.....#


You could see a wight.

Vanquished Creatures
  2 black bears
  2 ice beasts
  2 centaurs
  3 bullfrogs
  3 scorpions
  A wight (D:7)
  An oklob sapling (D:5)
  A howler monkey (D:5)
  2 orc priests
  2 hounds
  A gnoll bouda (D:5)
  Ijyb (D:4)
  Jessica (D:2)
  Natasha (thrice) (D:4)
  5 iguanas
  Robin (D:3)
  7 adders
  8 gnolls
  A worm (D:3)
  3 dart slugs
  15 orcs
  11 endoplasms
  4 giant cockroaches
  20 goblins
  9 hobgoblins
  6 jackals
  9 kobolds
  A quokka (D:5)
  5 ball pythons
  3 bats
  5 frilled lizards
  6 rats
144 creatures vanquished.

Notes
Turn   | Place    | Note
-------+----------+-------------------------------------------
     0 | D:1      | Nattfarinn the Spriggan Hexslinger began the quest for the
                  | Orb.
     0 | D:1      | Reached XP level 1. HP: 9/9 MP: 3/3
    85 | D:1      | Found Ulugojuib's General Store.
   102 | D:1      | Reached skill level 1 in Fighting
   203 | D:1      | Reached XP level 2. HP: 14/14 MP: 5/5
   832 | D:2      | Identified the +1 leather armour of the Hundredfold Beds
                  | {rC+ Regen+ Dex+5}
   978 | D:2      | Reached skill level 3 in Ranged Weapons
  1034 | D:2      | Reached XP level 3. HP: 18/18 MP: 6/6
  1109 | D:2      | Noticed Jessica
  1118 | D:2      | Killed Jessica
  1245 | D:2      | Reached XP level 4. HP: 23/23 MP: 7/7
  1709 | D:3      | Noticed Robin
  1828 | D:3      | Reached skill level 4 in Ranged Weapons
  1885 | D:3      | Killed Robin
  2027 | D:3      | Reached XP level 5. HP: 22/26 MP: 8/8
  2033 | D:3      | Found a radiant altar of Vehumet.
  2081 | D:3      | Found a broken altar of Ashenzari.
  2357 | D:3      | Found a shimmering blue altar of Sif Muna.
  2362 | D:3      | Found a glowing golden altar of the Shining One.
  2365 | D:3      | Found an opulent altar of Gozag.
  2438 | D:4      | Identified the +8 mace of Acuojob {flame, rPois rCorr Str+2
                  | Dex-4}
  2583 | D:4      | Noticed Natasha
  2588 | D:4      | Killed Natasha
  2614 | D:4      | Reached skill level 5 in Ranged Weapons
  2744 | D:4      | Found a blossoming altar of Fedhas.
  2790 | D:4      | Reached XP level 6. HP: 32/32 MP: 9/9
  2938 | D:4      | Noticed Natasha
  2940 | D:4      | Killed Natasha
  3024 | D:4      | Noticed Natasha
  3329 | D:4      | Killed Natasha
  3463 | D:4      | Noticed Ijyb
  3544 | D:4      | HP: 1/32 [disintegration (17)]
  3591 | D:4      | Killed Ijyb
  3704 | D:5      | Entered Level 5 of the Dungeon
  3870 | D:5      | Reached skill level 6 in Ranged Weapons
  4164 | D:5      | Reached XP level 7. HP: 36/36 MP: 10/10
  4314 | D:5      | Found a runed translucent door.
  4322 | D:5      | Reached skill level 7 in Ranged Weapons
  4324 | D:5      | Noticed soonmide's ghost (novice KoBr)
  4391 | D:5      | Found a staircase to the Ecumenical Temple.
  4485 | Temple   | Entered the Ecumenical Temple
  4493 | Temple   | Became a worshipper of Warmaster Okawaru
  4656 | D:5      | Found a hide-covered altar of Uskayaw.
  5176 | D:6      | Found Veinegae's Distillery.
  5240 | D:6      | Found a shadowy altar of Dithmenos.
  5245 | D:6      | Learned a level 3 spell: Inner Flame
  5341 | D:6      | Reached XP level 8. HP: 42/42 MP: 11/11
  6018 | D:6      | Reached skill level 8 in Ranged Weapons
  6326 | D:6      | Found a snail-covered altar of Cheibriados.
  6464 | D:6      | Reached * piety under Okawaru
  6465 | D:6      | Reached skill level 5 in Hexes
  7364 | D:7      | Killed by an exploding wight... ignited by their inner
                  | flame

Illustrated notes

Levels and vault maps discovered:
D:1:      dpeg_arrival_arbitrary_b, layout_basic, serial_forest,
          infiniplex_forest_3_way, infiniplex_forest_straight_4,
          infiniplex_forest_clump_small, infiniplex_forest_straight_5,
          serial_shops, shop, minmay_tree_intersection, minmay_unequal
D:2:      layout_basic, serial_bayou_lagoon_a, minmay_domino_2, uniq_jessica
D:3:      layout_rooms, nicolae_vehumet_radiance,
          minmay_overflow_temple_star_quad, ashenzari_altar_1,
          hangedman_decor_growths, uniq_robin
D:4:      kennysheep_goblin_castle, layout_basic, fedhas_altar_3,
          serial_bayou_pond_b, uniq_natasha
D:5:      layout_gridville, general_overflow_altar, minmay_temple_entry_oklob,
          ebering_ghost_sewer_d
D:6:      layout_layer_cave, kennysheep_slug_shrine,
          mainiacjoe_overflow_boulevard, serial_shops, shop
D:7:      layout_basic
Temple:   nicolae_temple_no_exploring_needed

Skill      XL: |  1  2  3  4  5  6  7  8 |
---------------+-------------------------+-----
Fighting       | 1 2 3 4 |  4.6
Ranged Weapons | 3 4 5 6 7 8 |  8.1
Hexes          | 7 |  7.4
Dodging        | |  2.6
Spellcasting   | |  1.3

Action                     |  1- 3 |  4- 6 |  7- 9 || total
---------------------------+-------+-------+-------++-------
   Fire: Sling             |   106 |   317 |   249 ||   672
   Cast: Slow              |     1 |     7 |     2 ||    10
         Inner Flame       |       |       |     1 ||     1
    Use: Scroll            |       |     6 |       ||     6
 Armour: Robe              |     1 |     7 |     5 ||    13
  Dodge: Dodged            |    32 |    86 |    72 ||   190

Table legend: (Time is in decaauts)
 A = Elapsed time spent in this place.
 B = Non-inter-level travel time spent in this place.
 C = Inter-level travel time spent in this place.
 D = Time resting spent in this place.
 E = Time spent auto-exploring this place.
 F = Levels seen in this place.
 G = Mean time per level.
                   A        B        C        D        E       F      G
               +--------+--------+--------+--------+--------+-----+--------+
         Total |   5240 |   4756 |    484 |    770 |   2760 |   8 |  655.0 |
       Dungeon |   5121 |   4646 |    475 |    666 |   2760 |   7 |  731.6 |
        Temple |    119 |    110 |      9 |    104 |      0 |   1 |  119.0 |
               +--------+--------+--------+--------+--------+-----+--------+

Top non-repeatable levels by time:
     D:5: 1112 daAuts
     D:4: 1071 daAuts
     D:6: 982 daAuts
     D:3: 706 daAuts
     D:2: 518 daAuts
     D:1: 516 daAuts
     D:7: 214 daAuts
  Temple: 119 daAuts
